 Dungeon Crawl Stone Soup version 0.25.0-1-g7eea58d2a3 (webtiles) character file.

Game seed: 4563940433453184873

57428 HoaS the Brawler (level 14, -21/99 HPs)
             Began as a Gargoyle Gladiator on June 14, 2020.
             Was the Champion of Makhleb.
             Demolished by an enormous slime creature (27 damage)
             ... on level 11 of the Dungeon.
             The game lasted 00:52:26 (17461 turns).

HoaS the Brawler (Gargoyle Gladiator)              Turns: 17461, Time: 00:52:27

Health: -21/99     AC: 32    Str: 25    XL:     14   Next: 86%
Magic:  14/14      EV:  7    Int: 10    God:    Makhleb [******]
Gold:   2359       SH:  5    Dex: 11    Spells: 13/13 levels left

rFire    . . .     SeeInvis .     - Unarmed
rCold    + . .     Gourm    .   (no shield)
rNeg     + + +     Faith    .   z - +5 plate armour
rPois    ∞         Spirit   .   b - +1 helmet
rElec    +         Reflect  +   e - +1 cloak
rCorr    .         Harm     .   j - +1 pair of gloves
MR       +....                  f - +0 pair of boots of Distant Shores {rC+ Str+3} (curse)
Stlth    ..........             t - amulet of reflection
HPRegen  0.26/turn              y - ring of positive energy
MPRegen  0.14/turn              K - ring of positive energy

@: flying
A: big wings, negative energy resistance 1, electricity resistance, unbreathing,
petrification resistance, rot immunity, AC +10
a: Stop Flying, Minor Destruction, Lesser Servant of Makhleb, Major Destruction,
Greater Servant of Makhleb, Renounce Religion


You were on level 11 of the Dungeon.
You worshipped Makhleb.
Makhleb was exalted by your worship.
You were not hungry.

You visited 2 branches of the dungeon, and saw 18 of its levels.
You also visited: Sewer, Ossuary and Volcano.

You collected 2359 gold pieces.

Inventory:

Missiles
 c - 5 throwing nets (quivered)
 p - 8 atropa-tipped darts
 r - 20 boomerangs
 v - 2 javelins
 D - 33 poisoned darts
Armour
 b - a +1 helmet (worn)
 e - a +1 cloak (worn)
 f - the cursed +0 pair of boots of Distant Shores (worn) {rC+ Str+3}
   (You found it on level 3 of the Lair of Beasts)

   It affects your strength (+3).
   It protects you from cold.
   It has a curse placed upon it.
 j - a +1 pair of gloves (worn)
 z - a +5 plate armour (worn)
Jewellery
 k - an uncursed amulet of faith
 t - an amulet of reflection (around neck)
 y - a ring of positive energy (left hand)
 K - a ring of positive energy (right hand)
Wands
 a - a wand of polymorph (16)
 o - a wand of acid (18)
 B - a wand of paralysis (18)
 E - a wand of digging (15)
 F - a wand of disintegration (27)
Scrolls
 h - 13 scrolls of teleportation
 i - 8 scrolls of identify
 n - 6 scrolls of remove curse
 w - 6 scrolls of blinking
 C - 7 scrolls of fear
 G - 4 scrolls of fog
 I - a scroll of silence
Potions
 g - 6 potions of curing
 l - 10 potions of flight
 m - a potion of might
 q - 4 potions of mutation
 s - 6 potions of ambrosia
 u - 3 potions of cancellation
 x - a potion of haste
 L - a potion of resistance
Comestibles
 d - 37 rations
 A - 16 chunks of flesh


   Skills:
 + Level 15.6 Fighting
 - Level 1.7 Throwing
 - Level 2.4 Dodging
 * Level 19.5 Unarmed Combat


You had 13 spell levels left.
You didn't know any spells.
Your spell library contained the following spells:

 Spells                   Type           Power        Failure   Level  Hunger
 Magic Dart               Conj           #...         100%        1    ##.....
 Searing Ray              Conj           #.....       100%        2    ###....
 Dazzling Flash           Conj/Hex       #.....       100%        3    ####...
 Recall                   Summ/Tloc      N/A          100%        3    ####...
 Animate Dead             Necr           N/A          100%        4    #####..
 Fulminant Prism          Conj/Hex       #.........   100%        4    #####..
 Iskenderun's Mystic Bla  Conj/Tloc      #.......     100%        4    #####..
 Borgnjor's Vile Clutch   Necr/Erth      #.........   100%        5    ######.
 Death Channel            Necr           #.........   100%        6    #######
 Simulacrum               Ice/Necr       #.........   100%        6    #######


Dungeon Overview and Level Annotations

Branches:
Dungeon (12/15)            Temple (0/1) D:7            Lair (6/6) D:8
  Swamp (0/4) Lair:2       Spider (0/4) Lair:4        Slime (0/5) Lair:5
    Orc (0/2) D:10          Sewer (visited)         Ossuary (visited)
Volcano (visited)

Altars:
Dithmenos
Elyvilon
Gozag
Hepliaklqana
Makhleb
Okawaru
Uskayaw
Yredelemnul
Zin
Jiyva


Innate Abilities, Weirdness & Mutations

You are resistant to torment.
Your stone body is resilient. (AC +10)
You are immune to poison.
Your large and strong wings let you fly indefinitely.
You resist negative energy. (rN+)
You are resistant to electric shocks. (rElec)
You can survive without breathing.
You are immune to petrification.
You are immune to rotting.


Message History

The slime creature hits you but does no damage.
You pummel the slime creature!!
The slime creature is almost dead.
You hit the slime creature.
You kill the slime creature!
Makhleb accepts your kill.
You feel better. The enormous slime creature hits you!!!
The orc priest looks braver for a moment.
Things that are here:
a +0 flail; an orc skeleton You pummel the orc priest!!
You kill the orc priest!
Makhleb accepts your kill. The enormous slime creature hits you!!!
Ouch! That really hurt!
* * * LOW HITPOINT WARNING * * *
Things that are here:
a +0 mace; a +1 ring mail of fire resistance; 7 gold pieces The enormous slime creature hits you!!
You die...

############# #.##.###..#######.
............# ##.##.# #(.)...# #.
.##########.# #.....# #..###.###.
.# #.# #..#### #.......^#. .# #.#
#..# #..###.#.#. .# #.# #..##
#..# #.#.#.
.##########.###...#####..###.#.#.
......)>)).....J................)
...#.[#####.###.@.##########.....
.###..#####..........## ###.##
.###..(...............# #.##
..(((.(...............# #.##
.###(.######..#...###.# ##.##
####...####...#..^###.# #####...#
.....#..............^.###.....#.#
####...####...#####.....#.###...#
.....### ##.## #.###.#.#######


You could see an enormous slime creature.

Vanquished Creatures
  Rupert (Lair:6)
  Erolcha (D:10)
  3 hydras
  Harold (D:10)
  3 catoblepae (Lair:6)
  4 two-headed ogres
  8 death yaks (Lair:6)
  2 lindwurms
  2 cyclopes (D:11)
  2 manticores (Lair:6)
  2 ugly things (D:11)
  5 black mambas
  17 elephants
  The ghost of NebNelluc the Ogre Mage, a novice OgWz (D:5)
  12 spiny frogs
  Joseph (D:7)
  2 rime drakes
  3 komodo dragons
  3 jumping spiders (Lair:4)
  A troll (D:11)
  Grinder (D:4)
  2 polar bears
  A hornet (D:9)
  8 blink frogs (Lair:4)
  5 slime creatures (D:11)
  5 hippogriffs
  2 bog bodies (Lair:2)
  A spriggan (Lair:2)
  A water elemental (D:12)
  5 redbacks (Lair:4)
  3 wyverns
  53 yaks
  2 hungry ghosts
  3 basilisks
  Edmund (D:4)
  Menkaure (D:7)
  3 swamp worms (Lair:2)
  9 water moccasins
  Duvessa (D:4)
  9 porcupines
  3 sky beasts
  4 black bears
  3 orc warriors
  4 ice beasts
  2 phantoms
  6 ogres
  A necrophage (D:9)
  5 wolves
  14 centaurs
  15 crocodiles
  2 big kobolds
  Blork the orc (D:4)
  15 bullfrogs
  Dowan (D:4)
  9 scorpions
  8 killer bees
  9 electric eels
  9 crimson imps
  A bullfrog zombie (D:8)
  A centaur zombie (D:11)
  A quasit (D:10)
  2 jellies
  9 orc priests
  7 hounds
  10 orc wizards
  2 bullfrog skeletons
  3 centaur skeletons
  4 iguanas
  4 worker ants
  A hound zombie (D:9)
  A hound skeleton (D:4)
  8 mummies (Ossuary)
  A howler monkey zombie (D:9)
  22 adders
  A howler monkey skeleton (D:7)
  2 river rats
  3 shadow imps
  5 oozes
  2 adder zombies
  3 adder skeletons
  5 worms
  A dart slug (D:4)
  7 leopard geckos
  42 orcs
  13 bats
  8 giant cockroaches
  2 gnoll zombies (Ossuary)
  8 goblins
  6 hobgoblins
  7 jackals
  4 quokkas
  4 ball pythons
  6 frilled lizards
  3 hobgoblin zombies (Ossuary)
  19 kobolds
  3 kobold zombies (Ossuary)
  A leopard gecko skeleton (D:2)
  A leopard gecko zombie (D:6)
  2 quokka skeletons
  A quokka zombie (D:7)
  14 rats
551 creatures vanquished.

Vanquished Creatures (others)
  A sky beast (D:7)
  7 fungi
  4 plants
12 creatures vanquished.

Grand Total: 563 creatures vanquished

Notes
Turn   | Place    | Note
-------+----------+-------------------------------------------
     0 | D:1      | HoaS the Gargoyle Gladiator began the quest for the Orb.
     0 | D:1      | Reached XP level 1. HP: 12/12 MP: 1/1
   141 | D:1      | Reached XP level 2. HP: 18/18 MP: 2/2
   500 | D:2      | Reached XP level 3. HP: 21/22 MP: 3/3
   535 | D:2      | Reached skill level 4 in Unarmed Combat
   730 | D:2      | Reached XP level 4. HP: 15/28 MP: 4/4
   960 | D:2      | Reached XP level 5. HP: 8/32 MP: 5/5
   973 | D:2      | Reached skill level 5 in Unarmed Combat
  1725 | D:3      | Found an opulent altar of Gozag.
  1861 | D:3      | Reached XP level 6. HP: 36/38 MP: 6/6
  2168 | D:3      | Reached skill level 6 in Unarmed Combat
  2594 | D:3      | Found a basalt altar of Yredelemnul.
  2850 | D:3      | Found a burning altar of Makhleb.
  2857 | D:3      | Became a worshipper of Makhleb the Destroyer
  2894 | D:4      | Noticed Duvessa
  2895 | D:4      | Noticed Dowan
  2994 | D:4      | Killed Duvessa
  2994 | D:4      | Reached skill level 5 in Fighting
  2994 | D:4      | Reached XP level 7. HP: 29/44 MP: 7/7
  3002 | D:4      | Killed Dowan
  3002 | D:4      | Reached skill level 7 in Unarmed Combat
  3143 | D:4      | Noticed Blork the orc
  3181 | D:4      | Killed Blork the orc
  3320 | D:4      | Noticed Grinder
  3324 | D:4      | Paralysed by Grinder for 2 turns
  3336 | D:4      | Killed Grinder
  3336 | D:4      | Reached XP level 8. HP: 40/51 MP: 8/8
  3353 | D:4      | Found a sand-covered staircase.
  3359 | Ossuary  | Entered an ossuary
  3428 | Ossuary  | Reached skill level 8 in Unarmed Combat
  3510 | Ossuary  | Reached * piety under Makhleb
  3741 | D:4      | Noticed Edmund
  3766 | D:4      | Killed Edmund
  3885 | D:4      | Identified a scroll of acquirement
  4144 | D:5      | Entered Level 5 of the Dungeon
  4312 | D:5      | Reached skill level 9 in Unarmed Combat
  4364 | D:5      | Found a transporter.
  4443 | D:5      | Reached ** piety under Makhleb
  4589 | D:5      | Noticed NebNelluc's ghost (novice OgWz)
  4594 | D:5      | Found a transporter.
  4805 | D:5      | Reached XP level 9. HP: 51/57 MP: 9/9
  5196 | D:6      | Reached skill level 10 in Unarmed Combat
  5332 | D:6      | Found a glowing drain.
  5336 | Sewer    | Entered a sewer
  5935 | D:7      | Noticed Menkaure
  5943 | D:7      | Killed Menkaure
  5962 | D:7      | Found a hazy altar of Hepliaklqana.
  5962 | D:7      | Found a shadowy altar of Dithmenos.
  5963 | D:7      | Found a glowing silver altar of Zin.
  6002 | D:7      | Found a hide-covered altar of Uskayaw.
  6015 | D:7      | Noticed Joseph
  6052 | D:7      | Killed Joseph
  6056 | D:7      | Reached skill level 11 in Unarmed Combat
  6275 | D:7      | Found a white marble altar of Elyvilon.
  6380 | D:7      | Found an iron altar of Okawaru.
  6567 | D:7      | Found a staircase to the Ecumenical Temple.
  6837 | D:8      | Found a staircase to the Lair.
  6845 | D:7      | Reached *** piety under Makhleb
  6863 | D:7      | Reached XP level 10. HP: 42/66 MP: 10/10
  7104 | D:7      | Reached skill level 12 in Unarmed Combat
  7956 | D:8      | Reached skill level 10 in Fighting
  8214 | D:5      | Reached **** piety under Makhleb
  8249 | D:5      | Killed NebNelluc's ghost
  8444 | D:9      | Reached skill level 13 in Unarmed Combat
  8505 | D:9      | Reached XP level 11. HP: 73/73 MP: 11/11
  8869 | D:10     | Entered Level 10 of the Dungeon
  8879 | D:10     | Noticed a two-headed ogre
  8883 | D:10     | Killed a two-headed ogre
  9044 | D:10     | Noticed Erolcha
  9059 | D:10     | Killed Erolcha
  9394 | D:10     | Noticed Harold
  9400 | D:10     | Reached ***** piety under Makhleb
  9411 | D:10     | Killed Harold
  9411 | D:10     | Reached skill level 14 in Unarmed Combat
  9464 | D:10     | Noticed a two-headed ogre
  9471 | D:10     | Killed a two-headed ogre
  9719 | D:10     | Found a staircase to the Orcish Mines.
 10371 | Lair:1   | Entered Level 1 of the Lair of Beasts
 10860 | Lair:1   | Found a shadowy altar of Dithmenos.
 11263 | Lair:2   | Reached XP level 12. HP: 81/81 MP: 12/12
 11301 | Lair:2   | Reached skill level 15 in Unarmed Combat
 11536 | Lair:2   | Noticed an eight-headed hydra
 11546 | Lair:2   | Killed an eight-headed hydra
 11675 | Lair:2   | Found a staircase to the Swamp.
 11918 | Lair:2   | Reached skill level 16 in Unarmed Combat
 12242 | Lair:3   | Found a dark tunnel.
 12272 | Volcano  | Entered a volcano
 12498 | Lair:3   | You fall into a shaft and drop 1 floor!
 12744 | Lair:3   | You fall into a shaft and drop 3 floors!
 12744 | Lair:6   | Entered Level 6 of the Lair of Beasts
 12804 | Lair:6   | Reached XP level 13. HP: 53/88 MP: 13/13
 13065 | Lair:6   | Reached skill level 17 in Unarmed Combat
 13076 | Lair:6   | Reached ****** piety under Makhleb
 13179 | Lair:4   | HP: 4/89 [yak (5)]
 13444 | Lair:3   | Got a pair of polished boots
 13450 | Lair:3   | Identified the cursed +0 pair of boots of Distant Shores
                  | {rC+ Str+3} (You found it on level 3 of the Lair of Beasts)
 14416 | Lair:4   | Found a hole to the Spider Nest.
 14622 | Lair:5   | Found a staircase to the Slime Pits.
 14622 | Lair:5   | Found a viscous altar of Jiyva.
 14891 | Lair:5   | Reached skill level 18 in Unarmed Combat
 15390 | Lair:6   | Noticed Rupert
 15409 | Lair:6   | Killed Rupert
 15409 | Lair:6   | Gained mutation: Your large and strong wings let you fly
                  | indefinitely. [Gargoyle growth]
 15409 | Lair:6   | Reached XP level 14. HP: 61/96 MP: 14/14
 15836 | Lair:6   | Reached skill level 15 in Fighting
 16128 | Lair:6   | Reached skill level 19 in Unarmed Combat
 17452 | D:11     | HP: 4/99 [enormous slime creature (50)]
 17461 | D:11     | Demolished by an enormous slime creature

Illustrated notes

Levels and vault maps discovered:
D:1:      minmay_arrival_diagonal_passages, layout_rooms, minmay_cut_off
D:2:      cheibrodos_pilgrimage, layout_loops_cross, minivault_26, hex_medium,
          minmay_unequal
D:3:      layout_basic, nicolae_gozag_seed_capital, marbit_many_paths,
          first_ration, makhleb_blood_cavern_becter
D:4:      layout_basic, nicolae_ossuary_entry_plus, uniq_grinder, uniq_edmund,
          uniq_blork_the_orc, uniq_duvessa
D:5:      old_forge, layout_loops_cross, gammafunk_ghost_smash
D:6:      layout_basic, gup_sewer_entry_spiral
D:7:      layout_loops_ring, okawaru_trees_1, eat_drink_and_be_merry_uskayaw,
          gammafunk_temple_overflow_forgotten, lemuel_temple_firewalk_b,
          basic_altar, uniq_menkaure, uniq_joseph
D:8:      layout_loops_cross, minmay_lair_entry_grove, serial_bayou,
          serial_bayou_pond_e, serial_bayou_pond_d, serial_bayou_lake_a,
          serial_bayou_pond_e, grunt_tough_drop
D:9:      layout_roguey
D:10:     layout_layer_cave, orc_0_dummy, uniq_erolcha, uniq_harold
D:11:     layout_loops_ring
D:12:     minmay_sliced_demisemicircle, layout_basic, grunt_ogre_cave
Lair:1:   layout_regular_city, nicolae_quartered_pool_medium,
          chequers_serial_rivers_small_a, lemuel_centaur_altar
Lair:2:   layout_misc_corridors, nicolae_swamp_entry_splash_gauntlet,
          chequers_serial_rivers_micro_a, forest_entry_grove
Lair:3:   layout_concentric_octagons, nicolae_volcano_entry_hallway,
          lemuel_fruit_tree
Lair:4:   layout_roguey, nicolae_spider_entry_tight_spaces
Lair:5:   layout_roguey, slime_altar_1, serial_bayou, serial_bayou_pond_b,
          serial_bayou_ford_a, serial_bayou_pond_b, serial_bayou_crossing,
          grunt_megastairs_4
Lair:6:   evilmike_catoblepas_cave, layout_gridlike, lemuel_fruit_fields,
          lemuel_fruit_fields, uniq_rupert

Skill      XL: |  1  2  3  4  5  6  7  8  9 10 11 12 13 14 |
---------------+-------------------------------------------+-----
Fighting       | 3 4 5 6 7 9 10 12 13 14 15 | 15.6
Unarmed Combat | 4 5 6 7 9 11 13 14 16 18 19 | 19.5
Throwing       | |  1.7
Dodging        | |  2.4

Action                   |  1- 3 |  4- 6 |  7- 9 | 10-12 | 13-15 || total
-------------------------+-------+-------+-------+-------+-------++-------
Melee: Unarmed           |   139 |   222 |   472 |   764 |   710 ||  2307
       Punch             |       |     5 |    15 |    49 |    54 ||   123
 Abil: Fly               |       |       |       |       |     1 ||     1
Evoke: Wand              |       |     2 |     3 |     5 |       ||    10
  Use: Scroll            |     3 |     9 |     4 |    12 |     7 ||    35
       Potion            |       |       |       |     4 |     5 ||     9
  Eat: Chunk             |       |     7 |    12 |    23 |    16 ||    58
Armor: Chain mail        |    84 |   122 |   212 |   168 |       ||   586
       Skin              |       |       |     7 |       |       ||     7
       Plate armour      |       |       |       |   288 |   422 ||   710
Dodge: Dodged            |    50 |    77 |   153 |   209 |   180 ||   669
Block: Other             |       |     6 |    93 |   159 |   131 ||   389
       Reflection        |       |       |     1 |    15 |     2 ||    18
